AoeStats
← nelson.llanos.cuevas

Arabia

510451187Analyzed
1v1 RM · 2d ago on Oct 1, 2026· 31m 56s· 2 players
Game mode
Random Map
Map size
Tiny (2 player)
Population
200
Speed
Normal
Resources
Standard
Victory
Conquest
Starting age
Dark Age
Ending age
Imperial Age
RankedLock teamsTeams togetherTeam positionsShared explorationLock speedFull tech treeHidden civsTurbo modeCheats
Victory
Defeat
🇦🇷 Malians · Argentina
608
+15
🇨🇱 Franks · Chile
596
-15
nelson.llanos.cuevas
13:48 Feudal Age
19:15 Castle Age
22:53 Scale Barding Armor
23:39 Forging
24:32 Chain Barding Armor
29:10 Wheelbarrow
29:49 Iron Casting
Pipeiro
10:54 Feudal Age
11:23 Double-Bit Axe
20:28 Castle Age
19:23 Forging
23:11 Iron Casting
25:01 Bloodlines
28:20 Bow Saw
30:30 Horse Collar
Connection lost

Rejoining the realm…

Still unreachable

The connection could not be restored.

Session expired

The server has moved on; the page needs a fresh start.